 Dungeon Crawl Stone Soup version 0.27.1-1-g398f81649c (webtiles) character file.

Game seed: 2909780213769581122

196 Tsarbomb the Chopper (level 5, -1/45 HPs)
             Began as a Hill Orc Monk on Sept 6, 2021.
             Killed from afar by an orc wizard (8 damage)
             ... with a puff of flame
             ... on level 4 of the Dungeon.
             The game lasted 00:04:39 (3686 turns).

Tsarbomb the Chopper (Hill Orc Monk)                Turns: 3686, Time: 00:04:40

Health: -1/45      AC:  8    Str: 15    XL:     5   Next: 74%
Magic:  5/5        EV:  6    Int: 10    God:
Gold:   105        SH:  4    Dex: 13    Spells: 4/4 levels left

rFire    . . .     SeeInvis .   a - +0 hand axe
rCold    . . .     Faith    .   i - +0 buckler
rNeg     . . .     Spirit   .   r - +0 chain mail
rPois    .         Reflect  .   (no helmet)
rElec    .         Harm     .   (no cloak)
rCorr    .         Rampage  .   (no gloves)
Will     .....                  (no boots)
Stlth    ..........             (no amulet)
HPRegen  0.15/turn              (no ring)
MPRegen  0.09/turn              (no ring)

@: no status effects
A: no striking features
a: no special abilities


You were on level 4 of the Dungeon.
You visited 1 branch of the dungeon, and saw 4 of its levels.

You collected 105 gold pieces.

Inventory:

Hand Weapons
 a - a +0 hand axe (weapon)
 l - a +0 dagger of venom
Missiles
 f - 156 stones (quivered)
Armour
 b - a +0 robe
 d - a +0 leather armour
 g - a +0 ring mail
 i - a +0 buckler (worn)
 r - a +0 chain mail (worn)
Scrolls
 c - 2 scrolls of teleportation {unknown}
 j - 2 scrolls of fog {unknown}
 m - a scroll of amnesia {unknown}
 o - 2 scrolls of identify {unknown}
 q - a scroll of vulnerability {unknown}
Potions
 e - 3 potions of curing {unknown}
 h - a potion of brilliance {unknown}
 k - a potion of lignification {unknown}
 n - a potion of ambrosia {unknown}
 p - a potion of flight {unknown}


   Skills:
 - Level 3.6 Fighting
 + Level 7.7 Axes
 - Level 2.4 Dodging
 - Level 1.5 Stealth
 - Level 2.0 Shields


You had 4 spell levels left.
You didn't know any spells.
Your spell library was empty.

Dungeon Overview and Level Annotations

Branches:
Dungeon (4/15)
 Temple: D:4-7

Altars:


Message History

You miss something. Something hits you but does no damage.
You miss something. Something hits you but does no damage.
You hit something. Something hits you.
You closely miss something. Something hits you but does no damage.
You miss something. Something hits you but does no damage.
You hit something. Something hits you but does no damage.
You miss something. Something hits you but does no damage.
You hit something but do no damage. Something hits you.
You hit something but do no damage.
You hear some strange, mumbled words.
A puff of flame appears from out of thin air!
The puff of flame hits you!
You hit something.
You hear some strange, mumbled words.
Something tries to affect you, but you resist.
Your chain mail prevents you from hitting something.
Something hits you but does no damage.
You completely miss something.
You hear some strange, mumbled words.
A puff of flame appears from out of thin air!
The puff of flame hits you!
You closely miss something. Something hits you but does no damage.
You miss something. Something hits you but does no damage.
You miss something.
You hear some strange, mumbled words.
A magic dart appears from out of thin air!
The magic dart hits you.
* * * LOW HITPOINT WARNING * * *
You miss something. Something hits you.
* * * LOW HITPOINT WARNING * * *
You miss something. Something hits you but does no damage.
You hit something. Something hits you but does no damage.
You closely miss something. Something hits you.
* * * LOW HITPOINT WARNING * * *
Things that are here:
a +0 flail; a +0 hand axe; an orc corpse You hear some strange, mumbled words.
A puff of flame appears from out of thin air!
The puff of flame hits you!
You die...

# ####.# #
#...
##.##.####.#
......o.o..#
......###{.#
...##
#..####..# .
#@.†......
##.########
#...##
#...<#
#....#
####.# ..#
###


You could see an orc.

Vanquished Creatures
  2 orc wizards (D:3)
  A hound skeleton (D:3)
  6 adders
  3 dart slugs
  11 orcs
  5 endoplasms
  2 giant cockroaches (D:1)
  6 goblins
  3 hobgoblins
  3 jackals (D:2)
  2 quokkas (D:1)
  5 ball pythons
  4 bats
  A frilled lizard (D:2)
  5 kobolds
  3 rats
62 creatures vanquished.

Notes
Turn   | Place    | Note
-------+----------+-------------------------------------------
     0 | D:1      | Tsarbomb the Hill Orc Monk began the quest for the Orb.
     0 | D:1      | Reached XP level 1. HP: 19/19 MP: 1/1
   313 | D:1      | Reached XP level 2. HP: 26/26 MP: 2/2
   482 | D:1      | Reached skill level 5 in Axes
   735 | D:1      | Found a faded altar of an unknown god.
  1006 | D:1      | Reached XP level 3. HP: 29/31 MP: 3/3
  1573 | D:2      | Reached skill level 6 in Axes
  2052 | D:2      | Reached XP level 4. HP: 39/39 MP: 4/4
  2253 | D:3      | Reached skill level 1 in Shields
  2934 | D:3      | Reached XP level 5. HP: 41/45 MP: 5/5
  2939 | D:3      | Reached skill level 7 in Axes
  3686 | D:4      | Killed from afar by an orc wizard

Illustrated notes

Levels and vault maps discovered:
D:1:      eino_arrival_cavern_d, layout_basic, basic_ecumenical_altar
D:2:      layout_loops_ring, minmay_liquid_box
D:3:      layout_basic, minivault_5
D:4:      layout_loops_cross

Skill      XL: |  1  2  3  4  5 |
---------------+----------------+-----
Axes           | 5 6 7 |  7.7
Shields        | 1 2 |  2.0
Fighting       | |  3.6
Dodging        | |  2.4
Stealth        | |  1.5

Action                   |  1- 3 |  4- 6 || total
-------------------------+-------+-------++-------
Melee: Hand axe          |   104 |   166 ||   270
Throw: Stone             |       |     5 ||     5
 Stab: Sleeping          |     2 |       ||     2
Armor: Leather armour    |     9 |       ||     9
       Robe              |     1 |       ||     1
       Ring mail         |    34 |    46 ||    80
       Chain mail        |       |    32 ||    32
Dodge: Dodged            |    73 |    50 ||   123
Block: Buckler           |     2 |    31 ||    33
